 Dungeon Crawl Stone Soup version 0.29-a0-961-gfab03dca74 (webtiles) character file.

Game seed: 11855848949835523343

487 Conn the Sneak (level 7, -6/43 HPs)
             Began as an Octopode Fire Elementalist on July 30, 2022.
             Killed from afar by an orc wizard (7 damage)
             ... with a magic dart
             ... on level 4 of the Dungeon.
             The game lasted 00:06:03 (4359 turns).

Conn the Sneak (Octopode Fire Elementalist)         Turns: 4359, Time: 00:06:04

Health: -6/43      AC:  1    Str:  7    XL:     7   Next: 13%
Magic:  1/12       EV: 13    Int: 19    God:
Gold:   225        SH:  0    Dex: 13    Spells: 7/13 levels left

rFire   . . .      SeeInvis .   l - +2 dagger (venom)
rCold   . . .      Faith    .   (no shield)
rNeg    . . .      Spirit   .   (helmet restricted)
rPois   .          Reflect  .   u - amulet of the acrobat
rElec   .          Harm     .   (no ring)
rCorr   .          Rampage  .   (no ring)
Will    .....                   (no ring)
Stlth   ++++......              (no ring)
HPRegen 0.14/turn               (no ring)
MPRegen 0.13/turn               (no ring)
                                (no ring)
                                (no ring)

@: no status effects
A: almost no armour, amphibious, 8 rings, camouflage 1, gelatinous body 1,
(nimble swimmer 1), tentacles
a: no special abilities


You were on level 4 of the Dungeon.
You visited 1 branch of the dungeon, and saw 4 of its levels.
You also visited: Sewer.

You collected 225 gold pieces.

Inventory:

Hand Weapons
 d - a +0 dagger
 j - a +2 short sword of speed
 l - a +2 dagger of venom (weapon)
Armour
 s - the +0 buckler "Jidd" {Rampage}
   (You found it on level 4 of the Dungeon)

   Rampage:   It bestows one free step when moving towards enemies.
Jewellery
 u - an amulet of the acrobat (around mantle)
 v - an amulet of magic regeneration
Scrolls
 b - 3 scrolls of identify {unknown}
 c - 6 scrolls of blinking
 e - a scroll of vulnerability {unknown}
 h - a scroll of noise {unknown}
 k - 2 scrolls of poison {unknown}
 m - 2 scrolls of fear {unknown}
 n - a scroll of teleportation {unknown}
 p - a scroll of brand weapon {unknown}
 q - a scroll of magic mapping {unknown}
 r - a scroll of enchant armour {unknown}
 t - a scroll of immolation {unknown}
Potions
 a - a potion of magic
 f - 4 potions of curing {unknown}
 g - 4 potions of flight {unknown}
 i - 2 potions of resistance {unknown}
 o - 4 potions of cancellation {unknown}


   Skills:
 + Level 1.0 Fighting
 + Level 2.4 Short Blades
 + Level 2.6 Dodging
 + Level 5.4 Stealth
 + Level 3.6 Spellcasting
 + Level 2.5 Conjurations
 + Level 4.3 Fire Magic


You had 7 spell levels left.
You knew the following spells:

 Your Spells              Type           Power      Damage    Failure   Level
a - Foxfire               Conj/Fire      64%        2x1d7     3%          1
b - Conjure Flame         Conj/Fire      16%        6-21      11%         3
e - Scorch                Fire           38%        2d6       3%          2

Your spell library contained the following spells:

 Spells                   Type           Power      Damage    Failure   Level
 Inner Flame              Hex/Fire       11%        N/A       19%         3
 Flame Wave               Conj/Fire      16%        2d7       34%         4
 Ozocubu's Armour         Ice            3%         N/A       41%         3
 Corpse Rot               Necr/Pois/Air  3%         N/A       82%         4
 Dispel Undead            Necr           3%         3d7       82%         4
 Metabolic Englaciation   Hex/Ice        1%         N/A       99%         5
 Death Channel            Necr           1%         N/A       100%        6
 Simulacrum               Ice/Necr       1%         N/A       100%        6


Dungeon Overview and Level Annotations

Branches:
Dungeon (4/15)              Sewer (visited)
 Temple: D:4-7

Altars:
Hepliaklqana


Innate Abilities, Weirdness & Mutations

You cannot wear most types of armour.
You are amphibious.
You can wear up to eight rings at the same time.
Your skin changes colour to match your surroundings (Stealth+).
Your rubbery body absorbs attacks. (AC +1, EV +1)
((You are camouflaged when in or above water. (Stealth+)))
You have tentacles for arms and can constrict up to eight enemies at once.


Message History

The centaur misses you. The centaur completely misses you.
You hear a shout!
You hit the centaur.
You kill the centaur!
A gnoll comes into view. It is wielding a +0 flail.
You have reached level 7!
You hit the orc.
The orc is poisoned.
You grab the orc. You squeeze the orc.
You kill the orc!
You barely miss the gnoll. You grab the gnoll.
You constrict the gnoll, but do no damage.
An orc wizard comes into view. It is wielding a +0 dagger.
The gnoll hits you with a +0 flail.
You hit the gnoll.
The gnoll is poisoned.
You squeeze the gnoll!
The gnoll is severely wounded.
You constrict the gnoll, but do no damage.
The orc wizard casts a spell.
The orc wizard flickers and vanishes!
Deactivating autopickup; reactivate with Ctrl-A.
The gnoll hits you with a +0 flail!
You barely miss the orc wizard. Your grab misses the orc wizard.
You constrict the gnoll. The gnoll hits you with a +0 flail.
The orc wizard hits you with a +0 dagger.
Unknown command.
You barely miss the orc wizard. You grab the orc wizard.
You squeeze the orc wizard.
The orc wizard is moderately wounded.
You constrict the gnoll.
You kill the gnoll!
You constrict the orc wizard. The orc wizard completely misses you.
Unknown command.
You hit the orc wizard.
The orc wizard is poisoned.
You squeeze the orc wizard.
The orc wizard is almost dead.
You constrict the orc wizard.
You hear some strange, mumbled words.
A puff of flame appears from out of thin air!
The puff of flame hits you!
* * * LOW HITPOINT WARNING * * *
The orc wizard gestures at you while chanting.
The magic dart hits you!
You die...

#.####..###.....#
#...#..........#
#..#..†.......##
#.......##....#
##...#........##
##..##..#......#.#
##...###......§§..o.
#....# ##.$..{###..!
#..(.## ###..)@# #..
###.....# #.#.o# ..
.......####.#....).....
........#........#)..#.
..#.........#...##.†.#
...........##..## #.#
...........###.# ...
...#..###.## #. ..
...##..##.# #.


You could see an orc wizard (very poisoned).

Vanquished Creatures
  Pargi (Sewer)
  A centaur (D:4)
  A scorpion (D:4)
  A hound (D:4)
  2 iguanas (D:4)
  2 gnolls (D:4)
  6 adders
  2 worms (D:3)
  A dart slug (D:1)
  7 orcs
  5 bats
  3 endoplasms
  5 giant cockroaches
  7 goblins
  10 hobgoblins
  3 jackals (D:2)
  4 kobolds
  5 quokkas
  9 ball pythons
  7 frilled lizards
  13 rats
95 creatures vanquished.

Vanquished Creatures (others)
  193 foxfires
193 creatures vanquished.

Grand Total: 288 creatures vanquished

Notes
Turn   | Place    | Note
-------+----------+-------------------------------------------
     0 | D:1      | Conn the Octopode Fire Elementalist began the quest for the
                  | Orb.
     0 | D:1      | Reached XP level 1. HP: 11/11 MP: 3/3
   227 | D:1      | Found a faded altar of an unknown god.
   529 | D:1      | Reached XP level 2. HP: 17/17 MP: 0/5
   543 | D:1      | Reached skill level 3 in Stealth
  1415 | D:2      | Reached XP level 3. HP: 9/21 MP: 2/6
  1772 | D:2      | Learned a level 2 spell: Scorch
  1776 | D:2      | Learned a level 3 spell: Conjure Flame
  2120 | D:2      | You fall into a shaft and drop 1 floor!
  2207 | D:3      | Reached XP level 4. HP: 26/27 MP: 7/7
  2335 | D:3      | Found a glowing drain.
  2348 | Sewer    | Entered a sewer
  2415 | Sewer    | Noticed Pargi
  2428 | Sewer    | Killed Pargi
  2429 | Sewer    | Reached skill level 4 in Stealth
  2429 | Sewer    | Reached XP level 5. HP: 32/32 MP: 0/9
  3068 | D:2      | Reached skill level 1 in Short Blades
  3499 | D:2      | Found a hazy altar of Hepliaklqana.
  4091 | D:4      | Reached XP level 6. HP: 32/37 MP: 10/10
  4093 | D:4      | Identified the +0 buckler "Jidd" {Rampage}
  4227 | D:4      | Reached skill level 5 in Stealth
  4337 | D:4      | Reached skill level 1 in Fighting
  4354 | D:4      | Reached XP level 7. HP: 30/43 MP: 0/12
  4359 | D:4      | HP: 1/43 [something/puff of flame (13)]
  4359 | D:4      | Killed from afar by an orc wizard

Illustrated notes

Levels and vault maps discovered:
D:1:      dpeg_arrival_more_subterranean_lakeside_camping, layout_loops_cross,
          ebering_ecumenical_altar_petrified, minmay_small_reverse_x
D:2:      kennysheep_six_static_rooms, layout_basic, basic_altar, minivault_19,
          minmay_misc_feat_cross
D:3:      layout_loops_ring, cheibrodos_sewer_entry_drain,
          hangedman_feature_mirror, palyth_stone_intersect, dk_noncrumbling_2,
          minmay_diced_spiral
D:4:      layout_cave_pools, ebering_ghost_disaster_area

Skill      XL: |  1  2  3  4  5  6 |
---------------+-------------------+-----
Stealth        | 3 4 5 |  5.4
Spellcasting   | 3 |  3.6
Conjurations   | 2 |  2.5
Fire Magic     | 4 |  4.3
Short Blades   | 1 2 |  2.4
Fighting       | 1 |  1.0
Dodging        | |  2.6

Action                   |  1- 3 |  4- 6 |  7- 9 || total
-------------------------+-------+-------+-------++-------
Melee: Unarmed           |     4 |       |       ||     4
       Constrict         |     7 |    11 |     3 ||    21
       Dagger            |    24 |    51 |     6 ||    81
       Tentacles         |     2 |     9 |     4 ||    15
       Short sword       |     7 |       |       ||     7
       Punch             |     1 |       |       ||     1
 Cast: Foxfire           |    57 |    57 |       ||   114
       Scorch            |       |     1 |       ||     1
  Use: Scroll            |     1 |       |       ||     1
 Stab: Sleeping          |     6 |     9 |       ||    15
Armor: Skin              |    10 |     3 |       ||    13
Dodge: Dodged            |    36 |    28 |     1 ||    65

Table legend: (Time is in decaauts)
 A = Elapsed time spent in this place.
 B = Non-inter-level travel time spent in this place.
 C = Inter-level travel time spent in this place.
 D = Time resting spent in this place.
 E = Time spent auto-exploring this place.
 F = Levels seen in this place.
 G = Mean time per level.
                   A        B        C        D        E       F      G
               +--------+--------+--------+--------+--------+-----+--------+
         Total |   4350 |   4207 |    143 |      0 |   3202 |   5 |  870.0 |
       Dungeon |   4009 |   3866 |    143 |      0 |   3003 |   4 | 1002.2 |
         Sewer |    340 |    340 |      0 |      0 |    199 |   1 |  340.0 |
               +--------+--------+--------+--------+--------+-----+--------+

Top non-repeatable levels by time:
     D:2: 1476 daAuts
     D:1: 1308 daAuts
     D:3: 951 daAuts
   Sewer: 340 daAuts
     D:4: 272 daAuts
